 Dungeon Crawl Stone Soup version 0.17-a0-1719-g1afd5a1 (webtiles) character file.

368 shakdrar the Skirmisher (level 6, 0/60 HPs)
             Began as a Draconian Monk on Aug 28, 2015.
             Was a Believer of Okawaru.
             Slain by Duvessa
             ... wielding a +0 rapier
              (15 damage)
             ... on level 5 of the Dungeon.
             The game lasted 00:14:26 (3309 turns).

shakdrar the Skirmisher (Draconian Monk)            Turns: 3309, Time: 00:14:28

Health: 0/60       AC:  7    Str: 14    XL:     6   Next: 41%
Magic:  4/6        EV: 17    Int: 10    God:    Okawaru [**....]
Gold:   147        SH:  0    Dex: 15    Spells: 0 memorised, 5 levels left

rFire  . . .     SeeInvis .       - Unarmed
rCold  . . .     Rnd*Rage +     (armour unavailable)
rNeg   . . .     SustAt   .     (no shield)
rPois  .         Gourm    .     (helmet restricted)
rElec  .         Spirit   .     m - +0 cloak
rCorr  .         Warding  .     (no gloves)
rMut   .         Stasis   .     (no boots)
MR     .....                    (no amulet)
Stlth  ++++......               (no ring)
                                c - ring of stealth

@: heroism, not resistant to hostile enchantments, stealthy
A: unfitting armour, berserk 1, regeneration 1, screaming 1, cold-blooded, AC +6
a: Heroism, Renounce Religion


You were on level 5 of the Dungeon.
You worshipped Okawaru.
Okawaru was pleased with you.
You were not hungry.

You visited 2 branches of the dungeon, and saw 6 of its levels.

You collected 147 gold pieces.

Inventory:

Armour
 m - a +0 cloak (worn)
Jewellery
 a - an uncursed ring of fire
 c - a ring of stealth (left hand)
 d - an uncursed amulet of clarity
 e - an uncursed ring of positive energy {unknown}
 l - an uncursed amulet of resist mutation {unknown}
Scrolls
 b - 2 scrolls of teleportation
 o - a scroll of remove curse
Potions
 i - a potion of mutation
 k - a potion of agility
Books
 h - a Necronomicon

   Spells                             Type                      Level
   a - Haunt                          Necromancy/Summoning         7
   b - Borgnjor's Revivification      Necromancy                   8
   c - Death's Door                   Charms/Necromancy            8
   d - Necromutation                  Transmutation/Necromancy     8
Comestibles
 f - a beef jerky
 g - 3 slices of pizza
 j - 2 meat rations


   Skills:
 + Level 7.2(12.2) Fighting
 - Level 2.6(7.6) Dodging
 - Level 1.7(6.7) Stealth
 + Level 5.0(10.0) Unarmed Combat


You had 5 spell levels left.
You didn't know any spells.

Dungeon Overview and Level Annotations

Branches:
Dungeon (6/15)             Temple (1/1) D:6

Altars:
Ashenzari
Cheibriados
Elyvilon
Gozag
Kikubaaqudgha
Makhleb
Nemelex Xobeh
Okawaru
Qazlal
Ru
Sif Muna
Trog
Vehumet
Xom
Yredelemnul
Zin
The Shining One

Annotations:
D:5 Duvessa


Innate Abilities, Weirdness & Mutations

Your plain brown scales are hard (AC +6).
Your body does not fit into most forms of armour.
You are cold-blooded and may be slowed by cold attacks.
You tend to lose your temper in combat.
Your natural rate of healing is unusually fast.
You occasionally shout uncontrollably at your foes.


Message History

You hit Duvessa.
Duvessa is lightly wounded.
Duvessa misses you.
Dowan gestures wildly while chanting.
Dowan blinks!
You closely miss Duvessa.
Duvessa is lightly wounded.
Duvessa hits you with a rapier! Duvessa barely misses you.
You barely miss Duvessa.
You tail-slap Duvessa, but do no damage.
Duvessa is lightly wounded.
Duvessa hits you with a rapier!
* * * LOW HITPOINT WARNING * * *
You punch Dowan!
You kill Dowan!
Okawaru accepts your kill.
Duvessa screams in rage.
Your base Unarmed Combat skill increases to level 5!
Duvessa hits you with a rapier!
You die...

#+# ###.#####
##....... #%...)..#
# #.....#.#.#
#####.......#.#####
..........)@e§.....
#####..#.##.#.#####
#..#.##.# #
#.......#.#
##........#
###.###### #.# #.#
#.#


You could see Duvessa (berserk).

Vanquished Creatures
  Dowan (D:5)
  A jelly (D:3)
  A crimson imp (D:5)
  A centaur skeleton (D:5)
  A hound (D:5)
  An orc priest (D:3)
  A worker ant (D:5)
  Robin (D:2)
  5 adders
  A worm (D:3)
  8 orcs (D:3)
  5 bats
  3 giant cockroaches
  11 goblins
  10 hobgoblins
  6 jackals
  4 kobolds
  A ball python (D:2)
  A giant gecko (D:1)
  3 giant newts
  11 rats
77 creatures vanquished.

Notes
Turn   | Place    | Note
--------------------------------------------------------------
     0 | D:1      | shakdrar the Draconian Monk began the quest for the Orb.
     0 | D:1      | Reached XP level 1. HP: 19/19 MP: 1/1
   183 | D:1      | Reached XP level 2. HP: 17/27 MP: 2/2
   590 | D:1      | Gained mutation: You occasionally shout uncontrollably at your foes. [potion of mutation]
   590 | D:1      | Gained mutation: You tend to lose your temper in combat. [potion of mutation]
   590 | D:1      | Gained mutation: Your natural rate of healing is unusually fast. [potion of mutation]
   980 | D:2      | Noticed Robin
  1014 | D:2      | HP: 1/28 [Robin/spear (6)]
  1029 | D:2      | Killed Robin
  1029 | D:2      | Reached XP level 3. HP: 3/35 MP: 3/3
  1163 | D:2      | Reached skill level 5 in Fighting
  1455 | D:2      | Found a shimmering altar of Xom.
  1698 | D:2      | Reached XP level 4. HP: 42/42 MP: 4/4
  1916 | D:3      | Found a glowing golden altar of the Shining One.
  1923 | D:3      | Found a sparkling altar of Nemelex Xobeh.
  1923 | D:3      | Found a snail-covered altar of Cheibriados.
  2018 | D:3      | Found a bloodstained altar of Trog.
  2073 | D:3      | Reached skill level 6 in Fighting
  2223 | D:3      | Reached XP level 5. HP: 47/51 MP: 5/5
  2630 | D:3      | You fall through a shaft for 3 floors!
  2630 | D:6      | Found a staircase to the Ecumenical Temple.
  2633 | Temple   | Entered the Ecumenical Temple
  2846 | Temple   | Became a worshipper of Warmaster Okawaru
  2846 | Temple   | Acquired Okawaru's first power
  2871 | D:5      | Entered Level 5 of the Dungeon
  3032 | D:5      | Reached skill level 7 in Fighting
  3032 | D:5      | Reached XP level 6. HP: 60/60 MP: 6/6
  3292 | D:5      | Noticed Dowan
  3294 | D:5      | Noticed Duvessa
  3309 | D:5      | Killed Dowan
  3309 | D:5      | Reached skill level 5 in Unarmed Combat
  3309 | D:5      | Slain by Duvessa

Vault maps used:
D:1:      kilobyte_arrival_exit_the_forest, minivault_19
D:2:      old_standard_altar, uniq_robin
D:3:      grunt_temple_overflow_open, gammafunk_temple_overflow_elements,
          minmay_misc_feat_pillars, minmay_misc_feat_enclosed
D:5:      first_bread, uniq_duvessa
D:6:      temple_fountains
Temple:   eino_temple_water_12

Action                   |  1- 3 |  4- 6 || total
-------------------------+-------+-------++-------
Melee: Unarmed           |   119 |   197 ||   316
Invok: Heroism           |       |     1 ||     1
  Use: Scroll            |     8 |     5 ||    13
       Potion            |     5 |       ||     5
 Stab: Distracted        |     2 |     1 ||     3
       Sleeping          |     2 |       ||     2
  Eat: Bread ration      |     1 |     1 ||     2
       Royal jelly       |       |     1 ||     1
